 Dungeon Crawl Stone Soup version 0.31-a0-851-g7ff8af7976 (webtiles) character file.

Game seed: 18201356764058334617

506 CrazyBamboolord the Grave Robber (level 7, 0/35 HPs)
             Began as a Vine Stalker Necromancer on Oct 5, 2023.
             Succumbed to Eustachio's poison
             ... on level 4 of the Dungeon.
             The game lasted 00:07:09 (2856 turns).

CrazyBamboolord the Grave Robber (VSNe)             Turns: 2856, Time: 00:07:09

Health: 0/35       AC:  3    Str: 11    XL:     7   Next: 18%
Magic:  10/15      EV: 12    Int: 17    God:
Gold:   74         SH:  0    Dex: 14    Spells: 10/14 levels left

rFire   . . .        p - +2 dagger (speed)
rCold   . . .        (no shield)
rNeg    . . .        a - +0 robe
rPois   +            (no helmet)
rElec   .            (no cloak)
rCorr   .            (no gloves)
SInv    .            d - +0 pair of boots
Will    .....        (no amulet)
Stlth   +++          c - ring of flight
HPRegen 1.05/turn    (no ring)
MPRegen 0.14/turn

%: guardian spirit
@: lethally poisoned (0 -> -4), about to teleport, flying
A: fangs 2, regeneration 1, magic shield, antimagic bite, no potion heal 2, high
MP 1, poison resistance, evolution 1
a: no special abilities


You were on level 4 of the Dungeon.
You visited 1 branch of the dungeon, and saw 4 of its levels.

You collected 146 gold pieces.
You spent 72 gold pieces at shops.

Inventory:

Hand Weapons
 g - a +2 dagger of venom
 p - a +2 dagger of speed (weapon)
Armour
 a - a +0 robe (worn)
 d - a +0 pair of boots (worn)
Jewellery
 c - a ring of flight (left hand)
Wands
 h - a wand of flame (20)
Scrolls
 i - 2 scrolls of amnesia
 j - a scroll of vulnerability {unknown}
 k - 2 scrolls of revelation {unknown}
 m - 3 scrolls of teleportation
 q - a scroll of blinking {unknown}
Potions
 b - a potion of magic
 e - 2 potions of brilliance
 f - a potion of mutation
 l - a potion of haste {unknown}
 n - 2 potions of lignification {unknown}
 o - a potion of might {unknown}


   Skills:
 + Level 2.1 Fighting
 + Level 2.5 Dodging
 * Level 5.3 Stealth
 * Level 4.2 Spellcasting
 * Level 5.4 Necromancy


You had 10 spell levels left.
You knew the following spells:

 Your Spells              Type           Power      Damage    Failure   Level
a - Necrotise             Necr           88%        1d8       1%          1
b - Vampiric Draining     Necr           22%        2d7       4%          3

Your spell library contained the following spells:

 Spells                   Type           Power      Damage    Failure   Level
 Animate Dead             Necr           22%        N/A       17%         4
 Blink                    Tloc           6%         N/A       24%         2
 Lesser Beckoning         Tloc           6%         N/A       24%         2
 Momentum Strike          Conj/Tloc      6%         3d8       24%         2
 Tukima's Dance           Hex            3%         N/A       43%         3
 Agony                    Necr           22%        N/A       43%         5
 Passage of Golubria      Tloc           3%         N/A       83%         4
 Yara's Violent Unravell  Hex/Tmut       1%         3d3       99%         5
 Chain Lightning          Conj/Air       1%         3d2       100%        9
 Fire Storm               Conj/Fire      1%         8d1       100%        9
 Shatter                  Erth           1%         3d6*      100%        9


Dungeon Overview and Level Annotations

Branches:
Dungeon (4/15)
 Temple: D:4-7

Altars:
Nemelex Xobeh
Ru
Uskayaw
Xom

Shops:
D:3 ?

Annotations:
D:4 Eustachio


Innate Abilities, Weirdness & Mutations

You have extremely sharp teeth.
Your natural rate of healing is unusually fast.
When hurt, damage is shared between your health and your magic reserves.
Your bite disrupts and absorbs the magic of your enemies.
Potions cannot restore your health.
You have an increased reservoir of magic. (+10% MP)
Your system is resistant to poisons. (rPois)
You have hidden genetic potential.


Message History

You feel sick. Eustachio barely misses you.
A hobgoblin comes into view.
You hit Eustachio.
Eustachio is heavily wounded.
You closely miss Eustachio. You bite Eustachio, but do no damage.
Eustachio is heavily wounded.
You feel sick.
Eustachio hits you with a +2 rapier of venom!
You are more poisoned.
You hit Eustachio but do no damage. Your bite misses Eustachio.
Eustachio is heavily wounded.
You feel very sick.
Eustachio hits you with a +2 rapier of venom!
Unknown command.
Casting: Necrotise (safe; 1% risk of failure)
Confirm with . or Enter, or press ? or * to list all spells.
Aiming: Vampiric Draining (dangerous; 4% risk of failure)
Press: ? - help, Shift-Dir - straight line, f/p - Eustachio
Aim: Eustachio, wielding a +2 rapier of venom and wearing a +0 leather armour (heavily wounded, magic disrupted)
You draw life force from Eustachio!
You feel life coursing into your body.
You feel very sick.
Eustachio hits you with a +2 rapier of venom!
* * * LOW HITPOINT WARNING * * *
Magic courses through your body.
* * * LOW HITPOINT WARNING * * *
You feel very sick.
Eustachio gestures wildly while chanting.
Unknown command.
Okay, then.
As you read the scroll of teleportation, it crumbles to dust.
You feel strangely unstable.
* * * LOW HITPOINT WARNING * * *
You feel very sick. The bat barely misses you. The bat closely misses you.
Eustachio hits you with a +2 rapier of venom.
* * * LOW HITPOINT WARNING * * *
It was a potion of mutation.
You feel extremely strange.
You feel resistant to poisons.
You feel more energetic.
You feel a hidden potential growing inside you.
You die...

.........+........
..#+#.....##....#.#.
....####.##....#.#.
.......#.###.#.#.#.
..b.. #.....#.#.#.
g5.. +...........
#55 #.....#'#.## #@#
#........... #@#
##..[.....## #b#
#........'. #.#
##+##....## #.#
#.##...... #.#
#.#.....## #.#####
#.#.....## #.....#
#.#.....##
#.....###.###.#.##
#...............##


You could see Eustachio (magic disrupted), an iron imp (summoned), a crimson imp
(summoned), a white imp (summoned), a goblin and 2 bats.

Vanquished Creatures
  Sigmund (D:3)
  2 phantoms (D:4)
  A hound (D:4)
  Jessica (D:3)
  An iguana (D:4)
  3 gnolls (D:3)
  3 adders
  A worm (D:3)
  2 dart slugs
  4 endoplasms
  5 giant cockroaches
  5 goblins
  3 hobgoblins
  3 jackals (D:1)
  3 quokkas
  4 ball pythons
  3 bats
  3 frilled lizards
  7 kobolds
  7 rats
  2 butterflies (D:3)
64 creatures vanquished.

Vanquished Creatures (collateral kills)
  A dart slug (D:3)
  An endoplasm (D:1)
2 creatures vanquished.

Grand Total: 66 creatures vanquished

Notes
Turn   | Place    | Note
-------+----------+-------------------------------------------
     0 | D:1      | CrazyBamboolord the Vine Stalker Necromancer began the
                  | quest for the Orb.
     0 | D:1      | Reached XP level 1. HP: 9/9 MP: 4/4
   254 | D:1      | Reached XP level 2. HP: 13/13 MP: 3/6
   497 | D:1      | Reached XP level 3. HP: 17/17 MP: 0/7
  1089 | D:2      | Found a faded altar of an unknown god.
  1498 | D:3      | Reached XP level 4. HP: 21/21 MP: 6/9
  1552 | D:3      | Found Raatunuv's Magic Scroll Boutique.
  1557 | D:3      | Learned a level 3 spell: Vampiric Draining
  1567 | D:3      | Bought a scroll of teleportation for 36 gold pieces
  1567 | D:3      | Bought a scroll of teleportation for 36 gold pieces
  1897 | D:3      | Reached skill level 1 in Fighting
  1975 | D:3      | Found a shimmering altar of Xom.
  2080 | D:3      | Found a sacrificial altar of Ru.
  2092 | D:3      | Reached XP level 5. HP: 25/25 MP: 8/10
  2163 | D:3      | Found a hide-covered altar of Uskayaw.
  2190 | D:3      | Noticed Jessica
  2196 | D:3      | Killed Jessica
  2293 | D:3      | Found a sparkling altar of Nemelex Xobeh.
  2534 | D:3      | Noticed Sigmund
  2551 | D:3      | Killed Sigmund
  2552 | D:3      | Reached skill level 5 in Necromancy
  2552 | D:3      | Reached XP level 6. HP: 30/30 MP: 10/12
  2665 | D:4      | Reached skill level 5 in Stealth
  2727 | D:4      | Reached XP level 7. HP: 35/35 MP: 14/14
  2836 | D:4      | Noticed Eustachio
  2856 | D:4      | Gained mutation: Your system is resistant to poisons.
                  | (rPois) [potion of mutation]
  2856 | D:4      | Gained mutation: You have an increased reservoir of magic.
                  | (+10% MP) [potion of mutation]
  2856 | D:4      | Gained mutation: You have hidden genetic potential. [potion
                  | of mutation]
  2856 | D:4      | Succumbed to Eustachio's poison

Illustrated notes

Levels and vault maps discovered:
D:1:      scummos_arrival_hexagon, layout_rooms, hangedman_decor_push,
          minmay_indecisive_spiral
D:2:      layout_loops_cross, hellmonk_ecumenical_altar_lost_god
D:3:      layout_loops_ring, nicolae_uskayaw_murder_on_the_dancefloor,
          xom_butterflies, mainiacjoe_overflow_surrounded_room,
          nemelex_xobeh_ov_fountains_minmay, serial_shops,
          nicolae_shop_competitors_out_of_business, uniq_jessica, uniq_sigmund
D:4:      layout_basic, uniq_eustachio, uniq_robin

Skill      XL: |  1  2  3  4  5  6 |
---------------+-------------------+-----
Stealth        | 3 4 5 |  5.3
Fighting       | 1 2 |  2.1
Spellcasting   | 3 4 |  4.2
Dodging        | 2 |  2.5
Necromancy     | 5 |  5.4

Action                     |  1- 3 |  4- 6 |  7- 9 || total
---------------------------+-------+-------+-------++-------
  Melee: Unarmed           |    16 |       |       ||    16
         Bite              |     4 |    14 |     2 ||    20
         Dagger            |     2 |    59 |    12 ||    73
         Punch             |       |     1 |       ||     1
   Cast: Necrotise         |    60 |    36 |     7 ||   103
         Vampiric Draining |       |       |     1 ||     1
    Use: Scroll            |       |     2 |     1 ||     3
         Potion            |       |       |     2 ||     2
   Stab: Distracted        |     1 |       |       ||     1
         Sleeping          |     1 |     3 |     1 ||     5
 Armour: Robe              |    18 |    18 |     6 ||    42
  Dodge: Dodged            |    22 |    26 |     6 ||    54

Table legend: (Time is in decaauts)
 A = Elapsed time spent in this place.
 B = Non-inter-level travel time spent in this place.
 C = Inter-level travel time spent in this place.
 D = Time resting spent in this place.
 E = Time spent auto-exploring this place.
 F = Levels seen in this place.
 G = Mean time per level.
                   A        B        C        D        E       F      G
               +--------+--------+--------+--------+--------+-----+--------+
         Total |   2837 |   2691 |    146 |      0 |   2206 |   4 |  709.2 |
       Dungeon |   2837 |   2691 |    146 |      0 |   2206 |   4 |  709.2 |
               +--------+--------+--------+--------+--------+-----+--------+

Top non-repeatable levels by time:
     D:3: 1095 daAuts
     D:1: 768 daAuts
     D:2: 747 daAuts
     D:4: 226 daAuts
